 Dungeon Crawl Stone Soup version 0.19.0-22-gd96e5fe (webtiles) character file.

1754 BadBadger the Ogre Mage (level 9, -1/74 HPs)
             Began as an Ogre Fire Elementalist on Nov 19, 2016.
             Was a Follower of Yredelemnul.
             Slain by a sky beast (6 damage)
             ... on level 8 of the Dungeon.
             The game lasted 00:21:55 (6100 turns).

BadBadger the Ogre Mage (Ogre Fire Elementalist)    Turns: 6100, Time: 00:21:57

Health: -1/74      AC:  5    Str: 15    XL:     9   Next: 6%
Magic:  12/20      EV: 10    Int: 17    God:    Yredelemnul [*.....]
Gold:   136        SH:  0    Dex: 10    Spells: 5 memorised, 10 levels left

rFire  . . .     SeeInvis .     a - +0 morningstar
rCold  . . .     Gourm    .     f - +0 robe
rNeg   . . .     Faith    .     (no shield)
rPois  .         Spirit   .     (helmet restricted)
rElec  .         Reflect  .     r - +1 cloak
rCorr  .         Harm     +     (gloves unavailable)
MR     .....                    (boots unavailable)
Stlth  ++........               u - amulet of harm
                                (no ring)
                                k - ring of flight

@: no status effects
A: unfitting armour, tough skin 1
a: Animate Remains, Renounce Religion, Evoke Flight


You were on level 8 of the Dungeon.
You worshipped Yredelemnul.
Yredelemnul was aware of your devotion.
You were not hungry.

You visited 2 branches of the dungeon, and saw 9 of its levels.

You collected 301 gold pieces.
You spent 165 gold pieces at shops.

Inventory:

Hand Weapons
 a - a +0 morningstar (weapon)
 g - a +0 club
 m - a +0 giant spiked club
 q - the +8 shortbow of Pewnunk {velocity, rF+ rN+ MR-, unknown}
   (You found it on level 6 of the Dungeon)

   Any arrow fired from it inflicts extra damage.
   It protects you from fire.
   It protects you from negative energy.
   It affects your resistance to hostile enchantments.
 s - a -2 giant spiked club
Armour
 f - a +0 robe (worn)
 r - a +1 cloak (worn)
Jewellery
 k - a ring of flight (left hand)
 u - an amulet of harm (around neck)
Wands
 l - a wand of flame (15/48)
 t - a wand of lightning (0/15)
Scrolls
 i - a scroll of amnesia
 j - a scroll of blinking
 o - a scroll of identify
 w - a scroll of fear
Potions
 d - a potion of curing
 e - a potion of magic {unknown}
 h - 3 potions of might
 n - a potion of degeneration {unknown}
 p - a potion of lignification {unknown}
 v - a potion of heal wounds {unknown}
Books
 b - a book of Flames

   Spells                             Type                      Level
   a - Flame Tongue                   Conjuration/Fire             1
   b - Throw Flame                    Conjuration/Fire             2
   c - Conjure Flame                  Conjuration/Fire             3
   d - Inner Flame                    Hexes/Fire                   3
   e - Sticky Flame                   Conjuration/Fire             4
   f - Fireball                       Conjuration/Fire             5
Comestibles
 c - 3 bread rations
 x - 4 chunks of flesh


   Skills:
 - Level 1.7 Dodging
 - Level 1.4 Stealth
 + Level 7.6 Spellcasting
 + Level 4.9 Conjurations
 + Level 5.4 Fire Magic


You had 10 spell levels left.
You knew the following spells:

 Your Spells              Type           Power        Failure   Level  Hunger
a - Flame Tongue          Conj/Fire      ###..        1%          1    None
b - Throw Flame           Conj/Fire      ###...       1%          2    None
c - Conjure Flame         Conj/Fire      ###.....     4%          3    ##.....
d - Inner Flame           Hex/Fire       ###.....     12%         3    ##.....
e - Sticky Flame          Conj/Fire      ###.....     14%         4    ####...


Dungeon Overview and Level Annotations

Branches:
Dungeon (9/15)             Temple (1/1) D:4
   Lair: D:8-11         Orc: D:9-12

Altars:
Ashenzari
Cheibriados
Dithmenos
Elyvilon
Fedhas
Gozag
Hepliaklqana
Kikubaaqudgha
Makhleb
Nemelex Xobeh
Okawaru
Ru
Sif Muna
Trog
Uskayaw
Vehumet
Xom
Yredelemnul
Zin
The Shining One

Shops:
D:4 ::   D:6 =*

Annotations:
D:3 Natasha


Innate Abilities, Weirdness & Mutations

You are too large for most types of armour.
You have tough skin. (AC +1)


Message History

Something shocks you.
* * * LOW HITPOINT WARNING * * *
You miss something.
A sky beast appears from thin air!
Reactivating autopickup.
The sky beast closely misses you. The sky beast hits you.
* * * LOW HITPOINT WARNING * * *
The sky beast shocks you.
* * * LOW HITPOINT WARNING * * *
Casting: Flame Tongue
Confirm with . or Enter, or press ? or * to list all spells.
Aiming: Flame Tongue
Press: ? - help, Shift-Dir - straight line, f/p - sky beast
Aim: a sky beast (rain, almost dead)
The flame tongue hits the sky beast.
The sky beast is almost dead.
The sky beast hits you.
* * * LOW HITPOINT WARNING * * *
The sky beast shocks you.
You die...
Your body rises from the dead as a mindless zombie.

#....#.# ##....#.#### ##
.....[.>...#### .
......#)......#.#
##....#..#.##.#.##########
......#..#†#......#.o.oo.#
≈≈....#..#)#.§#...#.####.#
≈≈....#..#.#..#####.# #.#
≈≈....#..#.#...Y@.).# #o#
≈≈....#....#.###########.##
#.........).........#
##..[.###############
#....# #....# ......#
#####... #...#


You could see a sky beast.

Vanquished Creatures
  A hill giant (D:8)
  2 orc warriors
  A black bear (D:6)
  A sky beast (D:6)
  3 ogres
  A centaur (D:8)
  2 scorpions
  4 orc wizards
  An orc priest (D:8)
  A hound (D:8)
  A bullfrog skeleton (D:4)
  An iguana (D:6)
  4 worker ants
  A hound zombie (D:5)
  A hound skeleton (D:4)
  Robin (D:4)
  2 adders
  2 shadow imps
  2 oozes
  An adder skeleton (D:6)
  2 adder zombies
  2 worms
  3 dart slugs
  3 leopard geckos
  9 orcs
  4 bats
  2 giant cockroaches
  14 goblins
  4 hobgoblins
  5 jackals
  A ball python zombie (D:5)
  3 frilled lizards
  3 kobolds (D:1)
  A leopard gecko skeleton (D:8)
  2 leopard gecko zombies
  A quokka skeleton (D:6)
  2 rats (D:1)
  A spectral orc (D:2)
95 creatures vanquished.

Vanquished Creatures (collateral kills)
  A bullfrog (D:6)
  2 hounds (D:6)
  A centaur skeleton (D:4)
  An orc (D:6)
5 creatures vanquished.

Vanquished Creatures (others)
  An ogre zombie (D:6)
  A hound zombie (D:6)
  An orc skeleton (D:8)
3 creatures vanquished.

Grand Total: 103 creatures vanquished

Notes
Turn   | Place    | Note
-------+----------+-------------------------------------------
     0 | D:1      | BadBadger the Ogre Fire Elementalist began the quest for the Orb.
     0 | D:1      | Reached XP level 1. HP: 16/16 MP: 3/3
   166 | D:1      | Reached skill level 1 in Conjurations
   166 | D:1      | Reached XP level 2. HP: 21/24 MP: 1/5
   967 | D:1      | Reached XP level 3. HP: 31/31 MP: 2/7
   979 | D:1      | Learned a level 2 spell: Throw Flame
   983 | D:1      | Learned a level 3 spell: Conjure Flame
  1177 | D:2      | Found a basalt altar of Yredelemnul.
  1189 | D:2      | Became a worshipper of Yredelemnul the Dark
  1251 | D:2      | Found a sacrificial altar of Ru.
  1321 | D:2      | Found a basalt altar of Yredelemnul.
  1339 | D:2      | Reached skill level 3 in Spellcasting
  1774 | D:3      | Noticed Natasha
  1801 | D:4      | Noticed a scorpion
  1813 | D:4      | Killed a scorpion
  1813 | D:4      | Reached XP level 4. HP: 15/39 MP: 0/9
  2031 | D:4      | Found Puwn's Book Emporium.
  2070 | D:4      | Noticed an ogre
  2109 | D:4      | Killed an ogre
  2109 | D:4      | Reached skill level 4 in Spellcasting
  2109 | D:4      | Reached XP level 5. HP: 28/45 MP: 3/11
  2115 | D:4      | Found Vuleet's Book Emporium.
  2125 | D:4      | Noticed Robin
  2228 | D:4      | Found a staircase to the Ecumenical Temple.
  2242 | D:4      | Gained mutation: You evolve. [potion of mutation]
  2242 | D:4      | Gained mutation: Your magical capacity is low. (-10% MP) [potion of mutation]
  2242 | D:4      | Gained mutation: You rapidly evolve. [potion of mutation]
  2243 | D:4      | Lost mutation: Your magical capacity is low. (-10% MP) [potion of cure mutation]
  2243 | D:4      | Lost mutation: You rapidly evolve. [potion of cure mutation]
  2243 | D:4      | Lost mutation: You evolve. [potion of cure mutation]
  2406 | D:4      | Reached XP level 6. HP: 39/53 MP: 8/12
  2621 | D:5      | Entered Level 5 of the Dungeon
  2939 | D:5      | Learned a level 3 spell: Inner Flame
  2944 | D:5      | Learned a level 4 spell: Sticky Flame
  3423 | D:5      | Found a shimmering altar of Xom.
  3833 | D:4      | Reached skill level 5 in Spellcasting
  3833 | D:4      | Reached XP level 7. HP: 59/59 MP: 7/14
  4001 | D:4      | Killed Robin
  4002 | D:4      | Reached * piety under Yredelemnul
  4350 | Temple   | Entered the Ecumenical Temple
  4876 | D:6      | Found a sparkling altar of Nemelex Xobeh.
  5124 | D:6      | Found a shattered altar of Ashenzari.
  5218 | D:6      | Found Qioqek's Assorted Antiques.
  5225 | D:6      | Bought a scroll of blinking for 165 gold pieces
  5288 | D:6      | Got an ichor-stained shortbow
  5298 | D:6      | Found Jafetudy's Jewellery Shoppe.
  5304 | D:6      | Reached skill level 6 in Spellcasting
  5321 | D:6      | Reached XP level 8. HP: 26/67 MP: 7/17
  5644 | D:6      | You fall through a shaft for 3 floors!
  5703 | D:8      | Noticed a hill giant
  5750 | D:8      | Killed a hill giant
  5750 | D:8      | Reached skill level 7 in Spellcasting
  5750 | D:8      | Reached skill level 5 in Fire Magic
  5923 | D:8      | Reached XP level 9. HP: 55/74 MP: 0/20
  6100 | D:8      | Slain by a sky beast

Skill      XL: |  1  2  3  4  5  6  7  8 |
---------------+-------------------------+-----
Conjurations   | 1 2 3 4 |  4.9
Spellcasting   | 3 4 5 6 7 |  7.6
Fire Magic     | 3 4 5 |  5.4
Dodging        | |  1.7
Stealth        | |  1.4

Action                   |  1- 3 |  4- 6 |  7- 9 || total
-------------------------+-------+-------+-------++-------
Melee: Unarmed           |    10 |       |       ||    10
       Club              |    41 |       |       ||    41
       Morningstar       |       |    61 |    56 ||   117
 Cast: Flame Tongue      |    45 |    55 |    99 ||   199
       Throw Flame       |     4 |    11 |    12 ||    27
       Conjure Flame     |       |       |     6 ||     6
       Sticky Flame      |       |       |     1 ||     1
Invok: Animate Remains   |       |       |     9 ||     9
Evoke: Wand              |       |       |     2 ||     2
  Use: Scroll            |       |     8 |     5 ||    13
       Potion            |       |     3 |       ||     3
 Stab: Sleeping          |     1 |       |       ||     1
  Eat: Chunk             |     3 |     2 |     6 ||    11
       Beef jerky        |       |     1 |       ||     1
       Meat ration       |       |     1 |       ||     1
       Bread ration      |       |       |     1 ||     1
Armor: Robe              |    23 |    38 |    48 ||   109
Dodge: Dodged            |    40 |    69 |    59 ||   168
